 Dungeon Crawl Stone Soup version 0.22-a0-40-g3d2f077 (webtiles) character file.

1504 Gorglomux the Covered (level 8, -2/73 HPs)
             Began as a Deep Dwarf Fighter on Jan 4, 2018.
             Was a Follower of Makhleb.
             Slain by Prince Ribbit (14 damage)
             ... on level 7 of the Dungeon.
             The game lasted 00:04:34 (4461 turns).

Gorglomux the Covered (Deep Dwarf Fighter)          Turns: 4461, Time: 00:04:34

Health: -2/73      AC:  8    Str: 21    XL:     8   Next: 52%
Magic:  6/6        EV: 10    Int: 10    God:    Makhleb [*.....]
Gold:   370        SH: 10    Dex: 12    Spells: 7/7 levels left

rFire    . . .     SeeInvis .   a - +0 war axe
rCold    . . .     Gourm    .   c - +0 shield
rNeg     . . .     Faith    .   b - +0 scale mail
rPois    .         Spirit   .   (no helmet)
rElec    .         Reflect  .   p - +0 cloak
rCorr    .         Harm     .   (no gloves)
MR       ++...                  (no boots)
Stlth    ..........             (no amulet)
HPRegen  0.00/turn              m - ring of protection from magic
MPRegen  0.10/turn              (no ring)

@: non-regenerating
A: damage resistance, heal wounds, sense surroundings 1, no regeneration
a: Heal Wounds, Renounce Religion


You were on level 7 of the Dungeon.
You worshipped Makhleb.
Makhleb was aware of your devotion.
You were hungry.

You visited 1 branch of the dungeon, and saw 7 of its levels.

You collected 370 gold pieces.

Inventory:

Hand Weapons
 a - a +0 war axe (weapon)
Missiles
 Z - a throwing net (quivered)
Armour
 b - a +0 scale mail (worn)
 c - a +0 shield (worn)
 p - a +0 cloak (worn)
Jewellery
 m - a ring of protection from magic (left hand)
Wands
 A - a wand of acid (10)
Scrolls
 r - 2 scrolls of noise {unknown}
 s - a scroll of amnesia {unknown}
 t - 3 scrolls of fog
 u - a scroll of remove curse
 M - a scroll of magic mapping
 S - a scroll of blinking {unknown}
 T - 3 scrolls of teleportation
 V - a scroll of enchant armour {unknown}
Potions
 d - 2 potions of might
 h - 4 potions of mutation
 l - 3 potions of brilliance
 o - 3 potions of curing
 q - 2 potions of heal wounds
 U - a potion of magic
 W - a potion of cancellation {unknown}
 X - a potion of agility {unknown}
Comestibles
 f - 11 rations
 Y - 5 chunks of flesh


   Skills:
 + Level 4.9 Fighting
 + Level 5.4 Axes
 + Level 6.1 Armour
 + Level 4.7 Dodging
 + Level 6.0 Shields
 + Level 3.4 Invocations


You had 7 spell levels left.
You didn't know any spells.

Dungeon Overview and Level Annotations

Branches:
Dungeon (7/15)             Temple (0/1) D:7

Altars:
Makhleb
Ru

Annotations:
D:6 Gorglomux's ghost, novice DDFi
D:7 Prince Ribbit


Innate Abilities, Weirdness & Mutations

You are resistant to damage.
You can heal yourself by infusing magical energy.
You passively map a small area around you.
You do not regenerate.


Message History

You chop Prince Ribbit but do no damage!
Prince Ribbit is heavily wounded!
Prince Ribbit hits you!!! * * * don't die
* * * You block Prince Ribbit's attack!
You feel much better!
You are feeling hungry!
Prince Ribbit hits you but does no damage!
You closely miss Prince Ribbit!
Prince Ribbit butts heavily wounded!
Prince Ribbit hits you!!! x2 * * * don't die
* * * You miss Prince Ribbit!
Prince Ribbit is heavily wounded!
Prince Ribbit butts!!!
Your shield and scale mail prevent you from hitting Prince Ribbit!
You block Prince Ribbit's attack!
Prince Ribbit hops awkwardly butt!
Prince Ribbit hits butt!!! rip

...# *....,*,,,,..... ...#
######....,*,,,*#.... ...#
#.........,*,,,*#....
[..##########........,,*,,,*#....
............#..(..#*****,,,,.....
...##.......#.....+,,,,,,,,,.....
.>.##.......#.....#,,,,,,,,,.....
....+.......#...ยง.#,,,****#*#....
....#.......'..F@.#****,,,..#####
....#.......#...........,,)......
#####.......######......,,.......
...###########...#......,,.......
...##.......##...#,.....,,..)....
.................#,.....,,.......
.........<.......#,,....,,.......
............##...#,,....,,.......
#..###......##...####***+*#######


You could see Prince Ribbit.

Vanquished Creatures
  A sky beast (D:6)
  An ice beast (D:5)
  2 ogres
  2 centaurs
  A big kobold (D:5)
  A bullfrog (D:6)
  2 scorpions
  2 howler monkeys
  5 crimson imps
  2 jellies
  3 iron imps (D:4)
  Terence (D:3)
  An iguana (D:5)
  3 orc wizards
  3 worker ants
  2 hound skeletons
  4 adders
  An adder zombie (D:5)
  2 worms (D:3)
  3 dart slugs
  3 leopard geckos
  19 orcs
  2 ball pythons (D:3)
  A giant cockroach (D:3)
  3 goblins
  5 hobgoblins
  4 jackals
  13 kobolds
  6 quokkas
  8 bats
  A frilled lizard (D:3)
  A leopard gecko skeleton (D:5)
  2 rats
110 creatures vanquished.

Notes
Turn   | Place    | Note
-------+----------+-------------------------------------------
     0 | D:1      | Gorglomux the Deep Dwarf Fighter began the quest for the Orb.
     0 | D:1      | Reached XP level 1. HP: 20/20 MP: 1/1
   169 | D:1      | Reached XP level 2. HP: 21/27 MP: 2/2
   786 | D:2      | Reached skill level 1 in Dodging
   911 | D:2      | Reached skill level 3 in Fighting
   911 | D:2      | Reached XP level 3. HP: 22/34 MP: 3/3
  1305 | D:3      | Reached XP level 4. HP: 27/42 MP: 4/4
  1347 | D:3      | Reached skill level 3 in Axes
  1451 | D:3      | Noticed Terence
  1460 | D:3      | Killed Terence
  1482 | D:3      | Reached XP level 5. HP: 27/49 MP: 5/5
  2457 | D:4      | Reached XP level 6. HP: 30/56 MP: 5/5
  2579 | D:4      | Found a burning altar of Makhleb.
  2608 | D:4      | Became a worshipper of Makhleb the Destroyer
  2735 | D:5      | Entered Level 5 of the Dungeon
  2778 | D:5      | Reached skill level 3 in Dodging
  2940 | D:5      | Noticed an ice beast
  2960 | D:5      | Killed an ice beast
  2960 | D:5      | Reached XP level 7. HP: 37/64 MP: 5/5
  3071 | D:5      | Reached skill level 1 in Invocations
  3356 | D:6      | Reached XP level 8. HP: 50/73 MP: 6/6
  3471 | D:6      | Noticed Gorglomux's ghost (novice DDFi)
  3630 | D:6      | Reached * piety under Makhleb
  3630 | D:6      | Reached skill level 3 in Invocations
  3683 | D:6      | Reached skill level 6 in Armour
  3782 | D:6      | Found a sacrificial altar of Ru.
  4161 | D:7      | Reached skill level 6 in Shields
  4357 | D:7      | Found a staircase to the Ecumenical Temple.
  4432 | D:7      | Noticed Prince Ribbit
  4461 | D:7      | Slain by Prince Ribbit

Vault maps used:
D:1:      lightli_arrival_flooded_house
D:2:      kennysheep_generic_room_6
D:3:      first_ration, uniq_terence
D:4:      demons_altar
D:6:      nicolae_ru_path_of_blood
D:7:      temple_green, uniq_prince_ribbit1, uniq_menkaure

Skill      XL: |  1  2  3  4  5  6  7  8 |
---------------+-------------------------+-----
Dodging        | 1 2 3 4 |  4.7
Fighting       | 3 4 |  4.9
Axes           | 3 4 5 |  5.4
Armour         | 4 5 6 |  6.1
Shields        | 4 5 6 |  6.0
Invocations    | 2 3 |  3.4

Action                   |  1- 3 |  4- 6 |  7- 9 || total
-------------------------+-------+-------+-------++-------
Melee: War axe           |   109 |   199 |   175 ||   483
 Abil: Heal Wounds       |       |     6 |    13 ||    19
  Use: Scroll            |       |       |    10 ||    10
  Eat: Chunk             |     1 |     6 |     5 ||    12
Armor: Scale mail        |    61 |   103 |    64 ||   228
Dodge: Dodged            |    37 |    79 |    67 ||   183
Block: Shield            |    62 |   106 |   110 ||   278

Table legend:
 A = Spawn XP
 B = Non-spawn XP
 C = Spawn XP percentage of total XP
 D = Spawn monster count
 E = Non-spawn monster count
 F = Spawn count percentage of total count
 G = Total turns spent on level
                    A         B        C        D         E        F      G
               +---------+---------+-------+---------+---------+-------+---------
         Total |       0 |    2149 |   0.0 |       0 |     110 |   0.0 |  4461
               +---------+---------+-------+---------+---------+-------+---------
           D:1 |       0 |      20 |   0.0 |       0 |       8 |   0.0 |   584
           D:2 |       0 |      39 |   0.0 |       0 |      14 |   0.0 |   624
           D:3 |       0 |     171 |   0.0 |       0 |      31 |   0.0 |   684
           D:4 |       0 |     305 |   0.0 |       0 |      13 |   0.0 |   843
           D:5 |       0 |     546 |   0.0 |       0 |      18 |   0.0 |   454
           D:6 |       0 |     881 |   0.0 |       0 |      21 |   0.0 |   797
           D:7 |       0 |     187 |   0.0 |       0 |       5 |   0.0 |   475
               +---------+---------+-------+---------+---------+-------+---------
